[Event "*** SCC Grand Prix: Titled Tuesday Blitz"]
[Site "Chess.com"]
[Date "2020.08.25"]
[Round "9"]
[White "Taron_Shagbazyan"]
[Black "FontVella8"]
[Result "1-0"]
[WhiteElo "2656"]
[BlackElo "2492"]
[TimeControl "180+1"]
[EndTime "11:47:31 PDT"]
[Termination "Taron_Shagbazyan won by resignation"]

1. d4 d5 2. c4 dxc4 3. Nf3 Nf6 4. e3 e6 5. Bxc4 c5 6. O-O Nc6 7. dxc5 Qc7 8. a3 a5 9. Nc3 Bxc5 10. Nb5 Qe7 11. Bd2 O-O 12. Qc2 b6 13. Bc3 Bb7 14. Ng5 e5 15. Rfd1 h6 16. Nf3 Rad8 17. Nh4 Rxd1+ 18.
Rxd1 Rd8 19. Nf5 Rxd1+ 20. Qxd1 Qd7 21. Qxd7 Nxd7 22. Nbd6 Nd8 23. Bxf7+ Nxf7 24. Nxb7 g6 25. Ng3 Ng5 26. h4 Ne6 27. Ne4 Be7 28. g3 Kf7 29. b4 axb4 30. Bxb4 Bxb4 31. axb4 Nc7 32. f3 Ke6 33. Kf2 Kd5 34. g4 Ne6 35. Nbd6 Nb8 36. Nf7 Na6 37. Nf6+ Kc4 38. Nxe5+ Kxb4 39. Nxg6 Kc3 40. Nd5+ Kc4 41. Nxb6+ Kc5 42. Nd7+ Kd6 43. Nf6 Nac5 44. Ng8 Nd3+ 45. Kg3 h5 46. gxh5 Ne5 47. Nf6 Ng7 48. Ne4+ Ke6 49. Nxe5 Kxe5 50. Kg4 Nf5 51. Kg5 Ke6 52. h6 1-0

[Event "*** SCC Grand Prix: Titled Tuesday Blitz"]
[Site "Chess.com"]
[Date "2020.08.25"]
[Round "9"]
[White "PavelShkapenko"]
[Black "elohunter1999"]
[Result "0-1"]
[WhiteElo "2613"]
[BlackElo "2480"]
[TimeControl "180+1"]
[EndTime "11:47:31 PDT"]
[Termination "elohunter1999 won by resignation"]

1. e4 e5 2. Nf3 Nc6 3. g3 Nf6 4. d3 d5 5. exd5 Nxd5 6. Bg2 g6 7. O-O Bg7 8. c3 O-O 9. b4 a6 10. Bb2 e4 11. dxe4 Ndxb4 12. Ba3 Re8 13. Qe2 Qd3 14. Qxd3 Nxd3 15. Rd1 Ndb4 16. Ne1 Bg4 17. f3 Be6 18.
Bxb4 Nxb4 19. a3 Na2 20. Rd3 Rad8 21. Kf2 Rxd3 22. Nxd3 Nxc3 23. Nxc3 Bxc3 24. Rc1 Bd4+ 25. Ke2 c6 26. Kd2 Rd8 27. f4 c5 28. Ke2 c4 29.
Nb4 Bb2 30. Rb1 Bxa3 31. Nc2 Bg4+ 32. Ke1 Bc5 33. h3 Bc8 34. Ke2 b5 35. Ne3 Rd3 36.
Nd5 Rxg3 37. Bf3 Rxh3 38. Rd1 Rh2+ 39. Ke1 Bh3 40. Rd2 Rxd2 41. Kxd2 Be6 42. Nc7 Bc8 43. e5 h5 44. Nd5 h4 45. Nf6+ Kg7 46. Ne4 Be7 47. Nd6 Bxd6 48. exd6 Bd7 49. Kc3 Kf6 50.
Kb4 Kf5 51. Kc5 Kxf4 52. Bc6 Bf5 53. d7 Bxd7 54. Bxd7 c3 0-1

[Event "*** SCC Grand Prix: Titled Tuesday Blitz"]
[Site "Chess.com"]
[Date "2020.08.25"]
[Round "9"]
[White "Kavyev_Ruslan"]
[Black "bocah_sakit"]
[Result "1-0"]
[WhiteElo "2506"]
[BlackElo "2604"]
[TimeControl "180+1"]
[EndTime "11:47:31 PDT"]
[Termination "Kavyev_Ruslan won by resignation"]

1. d4 Nf6 2. c4 g6 3. Nc3 Bg7 4. e4 d6 5. Be2 O-O 6. Be3 Na6 7. h4 e5 8. d5 Nc5 9. f3 a5 10. g4 h5 11. g5 Ne8 12. Nh3 Qe7 13.
Qd2 c6 14. O-O-O Bd7 15. Kb1 a4 16. Nf2 Rc8 17. Rc1 cxd5 18. Nxd5 Qd8 19. Rhd1 Be6 20. Qb4 Bxd5 21. cxd5 b6 22. Bb5 f6 23. Bxa4 fxg5 24. Bxg5 Bf6 25. Nh3 Qe7 26. Rg1 Kh7 27.
Bb5 Nc7 28. Be2 b5 29. Qd2 Ra8 30. Rg2 Qg7 31. Rcg1 b4 32. f4 exf4 33. Nxf4 Nxe4 34. Qc2 Bxb2 35. Qxe4 b3 36. Qxg6+ Kh8 37. Qxg7+ Bxg7 38. axb3 Rfb8 39. Bc4 Nb5 40. Nxh5 Na3+ 41. Kc1 Bd4 42.
Bf6+ Bxf6 43. Nxf6 Nxc4 44. bxc4 Ra1+ 45. Kd2 Ra2+ 46.
Ke3 Ra3+ 47. Kf4 Raa8 48. Kf5 Rf8 49. Rg8+ Rxg8 50. Rxg8+ Rxg8 51. Nxg8 Kxg8 52. Ke6 Kg7 53. Kxd6 Kf6 54. c5 Kf5 55. c6 Ke4 56. c7 Kf5 57. c8=Q+ Ke4 58. Qf8 Kd4 59. h5 Kd3 60. h6 Kc2 61. h7 1-0

[Event "*** SCC Grand Prix: Titled Tuesday Blitz"]
[Site "Chess.com"]
[Date "2020.08.25"]
[Round "9"]
[White "GaboSalazar2001"]
[Black "allvim"]
[Result "1-0"]
[WhiteElo "2307"]
[BlackElo "2411"]
[TimeControl "180+1"]
[EndTime "11:47:31 PDT"]
[Termination "GaboSalazar2001 won by resignation"]

1. e4 c5 2. Nf3 d6 3. d4 cxd4 4. Nxd4 Nf6 5. Nc3 a6 6. Be3 e5 7. Nb3 Be6 8. h3 Nbd7 9. Qf3 Be7 10. O-O-O Qc7 11. g4 Nb6 12. g5 Nfd7 13. Kb1 Nc4 14. Bc1 b5 15. Nd5 Bxd5 16. exd5 Rc8 17. Bd3 a5 18. h4 a4 19. Nd2 Ndb6 20. Bf5 Rb8 21.
Rhg1 b4 22. h5 Nxd2+ 23. Bxd2 b3 24. cxb3 axb3 25. axb3 Qb7 26. g6 hxg6 27. hxg6 f6 28. Be6 Nd7 29. Rh1 Rxh1 30. Rxh1 Qxb3 31. Qxb3 Rxb3 32. Kc2 Rb8 33. Rh7 Bf8 34. Bh6 Nc5 35. Bxg7 Nxe6 36. dxe6 Bxg7 37. Rxg7 Rb5 38. Rf7 Rb4 39. g7 Rg4 40. Rf8+ Ke7 41. g8=Q Rxg8 42. Rxg8 1-0

[Event "*** SCC Grand Prix: Titled Tuesday Blitz"]
[Site "Chess.com"]
[Date "2020.08.25"]
[Round "9"]
[White "GlennTipton"]
[Black "wannabe2700"]
[Result "0-1"]
[WhiteElo "2430"]
[BlackElo "2620"]
[TimeControl "180+1"]
[EndTime "11:47:34 PDT"]
[Termination "wannabe2700 won on time"]

1. d4 f6 2. e4 e6 3. f4 d5 4.
e5 c5 5. c3 Nc6 6. Nf3 Nh6 7.
Bd3 Nf5 8. g4 Nh6 9. h3 Nf7 10.
Be3 Qb6 11. Qb3 c4 12. Qxb6 axb6 13. Bc2 b5 14. exf6 gxf6 15. a4 b4 16. Nbd2 b3 17.
Bb1 b5 18. a5 Rxa5 19. Rxa5 Nxa5 20. g5 f5 21. h4 b4 22. h5 bxc3 23. bxc3 Ba3 24. Nf1 Nc6 25. Ng3 Na7 26. Rg1 Nb5 27. g6 Nh6 28. Bd2 Bb2 29. Ne2 hxg6 30. hxg6 Ng4 31.
Ne5 Nf6 32. g7 Rg8 33. Rg6 Ke7 34. Nc6+ Kd6 35. Ne5 Ne8 36. Bxf5 Rxg7 37. Rxg7 Nxg7 38. Bg6 Nf5 39. Bxf5 exf5 40. Kf2 Ba3 41. Nf7+ Kc7 0-1

[Event "*** SCC Grand Prix: Titled Tuesday Blitz"]
[Site "Chess.com"]
[Date "2020.08.25"]
[Round "9"]
[White "annacramling"]
[Black "teacher4chess"]
[Result "0-1"]
[WhiteElo "2105"]
[BlackElo "2033"]
[TimeControl "180+1"]
[EndTime "11:47:34 PDT"]
[Termination "teacher4chess won by resignation"]

1. d4 e6 2. c4 b6 3. Nc3 Bb7 4.
e4 Bb4 5. Qg4 Qf6 6. e5 Qg6 7.
Qxg6 hxg6 8. Bd2 Ne7 9. f3 Nf5 10. Nge2 Bxc3 11. Bxc3 Ne3 12. Ng3 Nxf1 13. Kxf1 a5 14.
Ke2 Ba6 15. b3 d5 16. Kd3 Nc6 17. a3 O-O-O 18. Rae1 Rh4 19. Kc2 dxc4 20. bxc4 Nxd4+ 21. Bxd4 Rhxd4 22. Re4 Rxc4+ 23. Rxc4 Bxc4 24. Kc3 b5 25. Rc1 Rd3+ 26. Kb2 Rd2+ 27. Kc3 Rxg2 28. Ne4 Rxh2 29. Kd4 Ra2 30. Rc3 Bd5 31. Nc5 c6 32. a4 b4 33. Rc1 Rd2+ 34. Ke3 Rb2 35. Nd3 Rb3 36. Kd2 Ra3 37. Nf4 Bxf3 38. Ne2 Bxe2 39. Kxe2 Kc7 40. Rc5 Kb6 41. Rc3 Rxc3 0-1

[Event "*** SCC Grand Prix: Titled Tuesday Blitz"]
[Site "Chess.com"]
[Date "2020.08.25"]
[Round "9"]
[White "VladaSviridova"]
[Black "beto-betun"]
[Result "1-0"]
[WhiteElo "2296"]
[BlackElo "2113"]
[TimeControl "180+1"]
[EndTime "11:47:36 PDT"]
[Termination "VladaSviridova won by resignation"]

1. d4 Nf6 2. c4 g6 3. Nc3 Bg7 4. e4 d6 5. Nf3 O-O 6. Be2 e5 7. O-O Nc6 8. d5 Ne7 9. Ne1 Nd7 10. Be3 f5 11. f3 f4 12. Bf2 h5 13.
Nd3 Rf7 14. c5 Bf8 15. cxd6 cxd6 16. Nb5 Rf6 17. Nxa7 Rxa7 18. Bxa7 g5 19. Bf2 Rg6 20. Kh1 Nf6 21. Rg1 g4 22. Qe1 Rh6 23. Bh4 Ng6 24.
Bg5 Rh7 25. g3 Bh6 26. gxf4 exf4 27. Bxh6 Rxh6 28. Qc3 g3 29. Rac1 Bd7 30. Qc7 Qe7 31. Qb8+ Kg7 32. Rc7 h4 33. Qxb7 Ne5 34. Nxe5 dxe5 35. d6 Qf7 36. Bc4 Qe8 37. Bb5 h3 38.
Rgc1 g2+ 39. Kg1 Qh5 40. Bxd7 Qxf3 41. Bg4+ Nd7 42. Rxd7+ Kg6 43. Bxf3 1-0

[Event "*** SCC Grand Prix: Titled Tuesday Blitz"]
[Site "Chess.com"]
[Date "2020.08.25"]
[Round "9"]
[White "lifeissofun"]
[Black "szachuspl"]
[Result "0-1"]
[WhiteElo "2276"]
[BlackElo "2516"]
[TimeControl "180+1"]
[EndTime "11:47:37 PDT"]
[Termination "szachuspl won by checkmate"]

1. e4 g6 2. Nf3 Bg7 3. d4 d6 4. c4 Nf6 5. Nc3 O-O 6. Bd3 e5 7. d5 a5 8. a3 Na6 9. Rb1 Nc5 10. Bc2 a4 11. Be3 Bd7 12. Bxc5 dxc5 13. O-O Qe8 14. Re1 Nh5 15. d6 cxd6 16. Qxd6 Bg4 17. Bd1 Rc8 18. Bxa4 Qe6 19. Qxe6 fxe6 20. Ng5 Bh6 21. h3 Bxg5 22. hxg4 Nf6 23. f3 h6 24. Rbd1 h5 25. gxh5 Nxh5 26. Bd7 Rc7 27. Bxe6+ Kg7 28. Nd5 Rc6 29. Bg4 Nf6 30. Nxf6 Kxf6 31.
Rd5 Ra8 32. Red1 Be3+ 33. Kf1 Bd4 34. Rb1 Rb6 35. Ke2 Kg5 36. Kd3 Kf4 37. Kc2 Ra4 38. Kd3 Kg3 39. Bh3 g5 40. Rd7 Rxa3+ 41. bxa3 Rxb1 42. Rg7 Rb3+ 43. Kc2 Rc3+ 44. Kd2 Kf2 45.
Rxb7 Rxa3 46. Rg7 Ra2+ 47. Kd3 Ke1 48. f4 Rd2# 0-1

[Event "*** SCC Grand Prix: Titled Tuesday Blitz"]
[Site "Chess.com"]
[Date "2020.08.25"]
[Round "9"]
[White "Rhinos1"]
[Black "karwowskikacper"]
[Result "0-1"]
[WhiteElo "2228"]
[BlackElo "2397"]
[TimeControl "180+1"]
[EndTime "11:47:37 PDT"]
[Termination "karwowskikacper won on time"]

1. e4 c5 2. d4 cxd4 3. c3 dxc3 4. Nxc3 d6 5. Nf3 Nc6 6. Bc4 e6 7. O-O Be7 8. Qe2 Nf6 9. Rd1 Qc7 10. Bf4 Ne5 11.
Bxe5 dxe5 12. Rac1 Bd7 13. Nb5 Qb6 14. Nxe5 O-O 15. Nxd7 Nxd7 16. Rxd7 Bg5 17. Rcd1 Rac8 18. Bb3 a6 19. Nc3 Qb4 20. Qh5 Bf6 21. e5 Rc5 22.
Qf3 Rxe5 23. Qxb7 Qg4 24. Qf3 Qg6 25. R7d4 h5 26. Qd3 Rf5 27. Bc2 Qh6 28. Rd6 a5 29. Qe3 Bg5 30. Qg3 Bf4 31. Qh3 Bxd6 32. Bxf5 exf5 33. Qxf5 Bb4 34. Nd5 Qd6 35. h3 Rd8 36. a3 Bc5 37. Nc3 Bd4 38. Nb5 Bxf2+ 0-1

[Event "*** SCC Grand Prix: Titled Tuesday Blitz"]
[Site "Chess.com"]
[Date "2020.08.25"]
[Round "9"]
[White "XDPS"]
[Black "Violord"]
[Result "1-0"]
[WhiteElo "2741"]
[BlackElo "2662"]
[TimeControl "180+1"]
[EndTime "11:47:38 PDT"]
[Termination "XDPS won by resignation"]

1. e4 g6 2. d4 Bg7 3. Nf3 d6 4. Be2 Nf6 5. Nc3 O-O 6. O-O c6 7. a4 Nbd7 8. Re1 e5 9. Bf1 Re8 10. h3 exd4 11. Nxd4 Nc5 12. f3 Nh5 13. Be3 Be5 14.
Qd2 Qf6 15. Nce2 Ne6 16. Nxe6 Bxe6 17. c3 Qe7 18. a5 f5 19. exf5 gxf5 20. f4 Bg7 21.
Nd4 Qf7 22. Bf2 Bd7 23. Kh2 Bh6 24. g3 Nf6 25. Qc2 Ne4 26. Bg2 d5 27. Nf3 Bg7 28. Bd4 Qg6 29. Bf2 c5 30. Rg1 h5 31. Rad1 Bc6 32. Nh4 Qf7 33. Bxe4 fxe4 34. Bxc5 e3 35. Rde1 d4 36. Bxd4 Bxd4 37. cxd4 Be4 38. Qc5 Bh7 39.
Qg5+ Kh8 40. f5 Rac8 41. Rxe3 Rxe3 42. Qxe3 Qd5 43. Qe5+ Qxe5 44. dxe5 Rc5 45. e6 Kg7 46. e7 Kf7 47. Re1 Rc2+ 48. Kg1 Rc8 49. g4 hxg4 50. hxg4 Rg8 51. Kf2 Re8 52. Kg3 Rxe7 53. Rxe7+ Kxe7 54. Kf4 1-0

[Event "*** SCC Grand Prix: Titled Tuesday Blitz"]
[Site "Chess.com"]
[Date "2020.08.25"]
[Round "9"]
[White "Noam_Vitenberg"]
[Black "kngopal"]
[Result "1-0"]
[WhiteElo "2520"]
[BlackElo "2299"]
[TimeControl "180+1"]
[EndTime "11:47:38 PDT"]
[Termination "Noam_Vitenberg won on time"]

1. Nf3 d5 2. d4 Nf6 3. c4 c6 4. Nc3 e6 5. Bg5 Be7 6. e3 Nbd7 7. cxd5 exd5 8. Bd3 h6 9. Bh4 Ne4 10. Bxe7 Qxe7 11.
O-O O-O 12. Qc2 f5 13. Rab1 g5 14. b4 g4 15. Nd2 Ndf6 16. b5 Bd7 17. bxc6 Bxc6 18.
Rbe1 Qe6 19. f3 gxf3 20. gxf3 Nd6 21. Nb3 Nh5 22. Nc5 Qf6 23. Qb3 f4 24. Nxd5 Qg5+ 25.
Kh1 Qxd5 26. e4 Qxb3 27. axb3 Bb5 28. d5 Rac8 29. Bxb5 Nxb5 30. Ne6 Rfe8 31. Rg1+ Kf7 32. Rg4 Rg8 33. Rh4 Ng3+ 34. hxg3 fxg3 35. Nf4 Rc2 36. Ne2 g2+ 37. Kg1 Rb2 38. e5 Ke7 39. d6+ Ke6 40. Nf4+ Kd7 41. Rxh6 Nd4 42. Rh7+ Kc6 43. Rh3 1-0

[Event "*** SCC Grand Prix: Titled Tuesday Blitz"]
[Site "Chess.com"]
[Date "2020.08.25"]
[Round "9"]
[White "Nf3c5"]
[Black "XiaoKangZhong"]
[Result "1-0"]
[WhiteElo "2550"]
[BlackElo "2417"]
[TimeControl "180+1"]
[EndTime "11:47:39 PDT"]
[Termination "Nf3c5 won by resignation"]

1. d4 Nf6 2. Nf3 g6 3. c4 Bg7 4. Nc3 d5 5. Bg5 Ne4 6. Bh4 Nxc3 7. bxc3 O-O 8. e3 Re8 9. Qb3 c6 10. Be2 Qb6 11. O-O Nd7 12. cxd5 Qxb3 13. axb3 cxd5 14.
c4 dxc4 15. Bxc4 Nb6 16. Ng5 Nxc4 17. bxc4 Bf6 18. Nf3 Bxh4 19. Nxh4 Bd7 20. Rfb1 b6 21. Nf3 f6 22. Ra3 Reb8 23. Rba1 a5 24. Rb1 Ra6 25. Nd2 b5 26. cxb5 Rxb5 27. Rba1 Kf7 28. Ne4 Ra7 29. Nc5 Bc6 30. h3 e5 31. Nb3 a4 32. dxe5 fxe5 33.
Nd2 Ke6 34. Rc1 Bd7 35. Ne4 Ke7 36. Rc4 Rb1+ 37. Kh2 Bb5 38. Rc5 Ke6 39. Nc3 Rb3 40. Rxb3 axb3 41. Rxb5 Ra3 42. Ne4 Kf5 43. f3 h5 44. Rb6 Ra6 45. Rxa6 1-0

[Event "*** SCC Grand Prix: Titled Tuesday Blitz"]
[Site "Chess.com"]
[Date "2020.08.25"]
[Round "9"]
[White "kasparicy"]
[Black "SilviusTiberius"]
[Result "0-1"]
[WhiteElo "2331"]
[BlackElo "2466"]
[TimeControl "180+1"]
[EndTime "11:47:39 PDT"]
[Termination "SilviusTiberius won on time"]

1. e4 c5 2. Nf3 Nc6 3. d4 cxd4 4. Nxd4 Nf6 5. Nc3 d6 6. Be3 Ng4 7. Bb5 Nxe3 8. fxe3 Bd7 9. O-O e6 10. Bxc6 bxc6 11. e5 Be7 12. Qf3 O-O 13. Nxc6 Bxc6 14. Qxc6 Rb8 15. exd6 Qxd6 16. Qxd6 Bxd6 17. Na4 Rfc8 18.
c3 Rc4 19. b3 Rh4 20. g3 Re4 21. Rad1 Be7 22. Rd7 Bf6 23. Rxa7 Rxe3 24. c4 Re2 25. Rd7 Rxa2 26. Rd3 h5 27. Rf2 Ra3 28. c5 Raxb3 29. Rxb3 Rxb3 30. Rc2 Ra3 31. c6 Be5 32. Nc5 Bc7 33.
Ne4 Ra6 34. Kf2 f6 35. Ke3 Kf7 36. Kd4 Ra4+ 37. Kd3 Ke7 38. Nc3 Ra5 39. Kc4 Bb6 40. Nb5 Ra4+ 41. Kb3 Ra5 0-1

[Event "*** SCC Grand Prix: Titled Tuesday Blitz"]
[Site "Chess.com"]
[Date "2020.08.25"]
[Round "9"]
[White "Gusarov91"]
[Black "GameOverBro"]
[Result "1-0"]
[WhiteElo "2636"]
[BlackElo "2434"]
[TimeControl "180+1"]
[EndTime "11:47:40 PDT"]
[Termination "Gusarov91 won by resignation"]

1. d4 d6 2. Nf3 Nf6 3. c4 Nbd7 4.
Nc3 e5 5. Bg5 Be7 6. e3 b6 7.
Be2 Bb7 8. Qc2 h6 9. Bh4 Nh5 10.
Bxe7 Qxe7 11. Nd5 Qd8 12. O-O-O Nhf6 13. dxe5 Nxd5 14. cxd5 O-O 15. exd6 cxd6 16. Kb1 Rc8 17. Qb3 Nc5 18. Qb4 a5 19. Qf4 Re8 20. Rd4 Re7 21. Rhd1 Rec7 22. Bb5 Qe7 23. h4 a4 24. e4 f6 25. Bxa4 Nxa4 26. Rxa4 b5 27. Rad4 Ba6 28.
Qd2 Rc2 29. Qa5 Qa7 30. R4d2 Qc5 31. a3 Rc1+ 32. Rxc1 Qxc1+ 33. Ka2 Bb7 34. Qb4 Rc5 35. Nd4 Bc8 36. Nb3 Qe1 37. Nxc5 dxc5 38. Qc3 b4 39. axb4 cxb4 40. Qxb4 Ba6 41. f3 Bc4+ 42. b3 Bd3 43. Qc3 Qb1+ 44. Ka3 Bf1 45. d6 Bb5 46. d7 Bxd7 47. Rxd7 Qf1 48. Qc4+ 1-0

[Event "*** SCC Grand Prix: Titled Tuesday Blitz"]
[Site "Chess.com"]
[Date "2020.08.25"]
[Round "9"]
[White "nrvisakh"]
[Black "RenarddesSurfaces"]
[Result "1-0"]
[WhiteElo "2796"]
[BlackElo "2549"]
[TimeControl "180+1"]
[EndTime "11:47:41 PDT"]
[Termination "nrvisakh won on time"]

1. e4 d6 2. d4 Nf6 3. Nc3 Nbd7 4. Be3 e5 5. Nf3 Be7 6. h3 c6 7. a4 exd4 8. Nxd4 Nc5 9. Qf3 a5 10. O-O-O O-O 11. e5 Ne8 12. exd6 Bxd6 13. Nxc6 bxc6 14. Bxc5 Qg5+ 15. Be3 Qe7 16. Bc4 Rb8 17. Rhe1 Qb7 18. Bb3 Be6 19. Qe4 Bxb3 20. cxb3 Qxb3 21. Qc2 Qb7 22. Ne4 Bb4 23. Bc5 Bxe1 24. Rxe1 Nc7 25. Bxf8 Rxf8 26. Ng5 g6 27. Qc4 Nd5 28. Re2 Rb8 29. Qh4 h5 30. Qd4 Qc7 31. g3 Qd8 32. h4 Rb4 33. Qa7 Qf6 34. Qxa5 Rc4+ 35. Kb1 Qf5+ 36. Ka2 Nb4+ 37. Qxb4 1-0

[Event "*** SCC Grand Prix: Titled Tuesday Blitz"]
[Site "Chess.com"]
[Date "2020.08.25"]
[Round "9"]
[White "BogdanDeac"]
[Black "Koksik_13"]
[Result "1-0"]
[WhiteElo "2834"]
[BlackElo "2672"]
[TimeControl "180+1"]
[EndTime "11:47:42 PDT"]
[Termination "BogdanDeac won on time"]

1. Nf3 a6 2. e4 b5 3. d4 Bb7 4. Bd3 e6 5. O-O c5 6. c3 d5 7. e5 Nc6 8. dxc5 Bxc5 9. b4 Bb6 10. a4 bxa4 11. Qxa4 Ne7 12. Nbd2 Ng6 13. Nb3 O-O 14.
Re1 Qc7 15. Bxg6 fxg6 16. Nbd4 Nxd4 17. cxd4 Rxf3 18. gxf3 Bxd4 19. Ra2 Qc3 20. Qd1 Rf8 21. Kg2 Bb6 22. Rc2 Qb3 23. Rc8 Qxb4 24. Rxf8+ Qxf8 25. Qb3 d4 26. Qxe6+ Kh8 27. Bf4 Bc5 28. Rb1 Ba8 29.
Qg4 d3 30. e6 h5 31. Qxg6 Qxf4 32. Qe8+ Kh7 33. Qxa8 Qg5+ 34. Kh1 d2 35. Qe4+ Kh6 36.
Qe2 Qf4 37. Rd1 g5 38. Rxd2 Bd6 39. Rxd6 Qxd6 40. e7 1-0

[Event "*** SCC Grand Prix: Titled Tuesday Blitz"]
[Site "Chess.com"]
[Date "2020.08.25"]
[Round "9"]
[White "Grandmaster2B"]
[Black "BlackBoarder"]
[Result "0-1"]
[WhiteElo "2408"]
[BlackElo "2539"]
[TimeControl "180+1"]
[EndTime "11:47:43 PDT"]
[Termination "BlackBoarder won on time"]

1. e4 e6 2. d4 d5 3. Nd2 c5 4. exd5 Qxd5 5. Ngf3 cxd4 6. Bc4 Qd6 7.
O-O Nf6 8. Nb3 Nc6 9. Nbxd4 Nxd4 10. Nxd4 a6 11. Re1 Qc7 12. Bd3 Bd6 13. h3 O-O 14.
Bg5 Be5 15. c3 h6 16. Nf3 Bf4 17. Bxf4 Qxf4 18. Qe2 b5 19. a4 bxa4 20. Qe5 Qxe5 21.
Nxe5 Rb8 22. Re2 Bd7 23. Bxa6 Rb6 24. Bd3 Rfb8 25. Ra2 Be8 26. Bc2 Nd5 27. Bxa4 Ra6 28.
Bb3 Rd6 29. Bxd5 Rxd5 30. Nf3 Bb5 31. Rd2 Bc4 32. Ra4 Bb3 33. Rb4 Rxb4 34. cxb4 Rb5 35. Rd4 Bd5 36. Nd2 Kf8 37. Nb1 Rb8 38. Nc3 Bc6 39. b5 Be8 40. Rb4 Ke7 41. b6 Kd6 0-1

[Event "*** SCC Grand Prix: Titled Tuesday Blitz"]
[Site "Chess.com"]
[Date "2020.08.25"]
[Round "9"]
[White "ClydeHillKid"]
[Black "ural58"]
[Result "0-1"]
[WhiteElo "2343"]
[BlackElo "2487"]
[TimeControl "180+1"]
[EndTime "11:47:43 PDT"]
[Termination "ural58 won by resignation"]

1. e4 d5 2. exd5 Qxd5 3. Nc3 Qa5 4. Bc4 Nf6 5. d4 Bg4 6. f3 Be6 7. Bxe6 fxe6 8. Ne2 Nc6 9. O-O O-O-O 10. Be3 e5 11. d5 e6 12. a3 Nxd5 13. Bd2 Qb6+ 14. Kh1 Nxc3 15. Nxc3 Qxb2 16. Rb1 Qxa3 17. Qe2 Bb4 18.
Nb5 Rxd2 19. Qxd2 Bxd2 20. Nxa3 Nd4 21. Nc4 Bh6 22. c3 Nc6 23. Rfd1 a6 24. Kg1 b5 25.
Nd2 Rd8 26. Ne4 Rd5 27. Kf2 Na5 28. Ra1 Rxd1 29. Rxd1 Nc4 30. Ke2 a5 31. Nc5 a4 32.
Rb1 c6 33. Kd3 a3 34. g3 g6 35. Nxe6 Kd7 36. Nc5+ Kd6 37. Ne4+ Ke7 38. Ra1 Bf8 39.
Ng5 h6 40. Ne4 Ke6 41. g4 g5 42. Ra2 Nb6 43. Nd2 c5 44. Ke4 c4 45. Ra1 Nd5 46.
Rc1 a2 47. Nf1 Nxc3+ 48. Ke3 Nb1 0-1

[Event "*** SCC Grand Prix: Titled Tuesday Blitz"]
[Site "Chess.com"]
[Date "2020.08.25"]
[Round "9"]
[White "Bulldog167"]
[Black "Alexander_Zubov"]
[Result "1/2-1/2"]
[WhiteElo "2710"]
[BlackElo "2944"]
[TimeControl "180+1"]
[EndTime "11:47:44 PDT"]
[Termination "Game drawn - insufficient material"]

1. d4 Nf6 2. c4 g6 3. Nc3 d5 4. cxd5 Nxd5 5. e4 Nxc3 6. bxc3 Bg7 7. Bc4 c5 8. Ne2 Nc6 9. Be3 O-O 10. h4 Na5 11. Bd3 e5 12. dxe5 c4 13. Bc2 Qxd1+ 14.
Rxd1 Bxe5 15. h5 Re8 16. hxg6 hxg6 17. f3 Be6 18. Bd4 f6 19. Kf2 b5 20. Ke3 Nc6 21. Bxe5 fxe5 22. Rd6 Nd8 23. Rb1 a6 24. a4 bxa4 25.
Bxa4 Re7 26. f4 Nf7 27. Rdb6 exf4+ 28. Nxf4 Bf5 29. Bc6 Rd8 30. Rb8 Rxb8 31. Rxb8+ Kg7 32. Kd4 Ne5 33. Ba4 Bxe4 34. Re8 Rxe8 35. Bxe8 Bc6 36. Bxc6 Nxc6+ 37. Kxc4 Kf6 38. Kc5 Ne5 39. Kb6 Kf5 40. Ne2 Ke4 41. Kxa6 Ke3 42. Nd4 Kf2 43. g4 Nxg4 44. c4 Ne5 45. c5 Ke3 46. Ne6 Ke4 47. Kb5 Kf5 48. Nd4+ Ke4 49. Nc6 Nd3 50. Ne7 Nxc5 51.
Nxg6 1/2-1/2

[Event "*** SCC Grand Prix: Titled Tuesday Blitz"]
[Site "Chess.com"]
[Date "2020.08.25"]
[Round "9"]
[White "Bodnar_Mykola"]
[Black "Paladin61"]
[Result "1-0"]
[WhiteElo "2521"]
[BlackElo "2663"]
[TimeControl "180+1"]
[EndTime "11:47:44 PDT"]
[Termination "Bodnar_Mykola won on time"]

1. e4 c5 2. Nf3 d6 3. d4 cxd4 4. Nxd4 Nf6 5. Nc3 a6 6. h3 h6 7. g4 b5 8. Bg2 Bb7 9. O-O e6 10. Re1 Qc8 11. a4 bxa4 12. Nd5 Nbd7 13. Rxa4 Be7 14.
Nxe7 Kxe7 15. Rb4 Rb8 16. Bf4 Ne5 17. Bg3 g5 18. f4 gxf4 19. Bxf4 Qc5 20. c3 Nc6 21.
Bxd6+ Qxd6 22. Rxb7+ Rxb7 23. e5 Nxe5 24. Rxe5 Qb6 25.
Kh1 Kf8 26. Bxb7 Qxb7+ 27. Qf3 Qxf3+ 28. Nxf3 Nd5 29. c4 Nb4 30. Rc5 Ke7 31. Rc7+ Kf6 32. h4 a5 33. g5+ hxg5 34. Rc5 g4 35. Ng5 Rxh4+ 36. Kg2 Rh6 37. Ne4+ Kg6 38. Rg5+ Kh7 39. Rxa5 f5 40. Ng5+ Kg7 41. Ra7+ Kf6 42. Nh7+ Rxh7 43.
Rxh7 f4 44. c5 Kf5 45. Rf7+ Ke4 46. Rg7 g3 47. Rf7 1-0

[Event "*** SCC Grand Prix: Titled Tuesday Blitz"]
[Site "Chess.com"]
[Date "2020.08.25"]
[Round "9"]
[White "Speshka"]
[Black "salimalamri2020"]
[Result "1-0"]
[WhiteElo "2220"]
[BlackElo "2041"]
[TimeControl "180+1"]
[EndTime "11:47:44 PDT"]
[Termination "Speshka won by checkmate"]

1. e4 e6 2. d4 d5 3. Nc3 Bb4 4. e5 c5 5. a3 Bxc3+ 6. bxc3 Ne7 7. Qg4 cxd4 8. cxd4 Nbc6 9. c3 O-O 10. Bd3 Ng6 11. h4 f5 12. Qg3 Kh8 13. h5 Nge7 14.
Bg5 Qe8 15. h6 g6 16. Bf6+ Kg8 17. Nf3 a6 18. Bg7 Rf7 19. Ng5 Na5 20. Nxf7 Kxf7 21.
Qf3 Qa4 22. O-O b5 23. g4 Nc4 24. Qe2 Bd7 25. Bf6 Ng8 26. Bg5 Rc8 27. Rfe1 Ne7 28.
gxf5 gxf5 29. Qh5+ Ng6 30. Kh2 Qb3 31. Rac1 Nxa3 32. Qe2 Rxc3 33. Bxf5 Nc4 34. Bxg6+ hxg6 35. Rxc3 Qxc3 36. Be3 Nxe3 37. fxe3 Qc8 38. Qf3+ Kg8 39.
Qf6 Qe8 40. Qg7# 1-0

[Event "*** SCC Grand Prix: Titled Tuesday Blitz"]
[Site "Chess.com"]
[Date "2020.08.25"]
[Round "9"]
[White "Gloomy_Wanderer"]
[Black "UCantHandleDenker"]
[Result "1-0"]
[WhiteElo "2759"]
[BlackElo "2582"]
[TimeControl "180+1"]
[EndTime "11:47:45 PDT"]
[Termination "Gloomy_Wanderer won on time"]

1. d4 Nf6 2. Nf3 g6 3. c4 c5 4.
g3 cxd4 5. Nxd4 Bg7 6. Bg2 O-O 7. O-O Nc6 8. Nc3 d6 9. Nxc6 bxc6 10. Bxc6 Rb8 11. Bg2 Qa5 12. Qd2 Be6 13. b3 Rxb3 14. axb3 Qxa1 15. Nb5 Qa6 16. Bb2 Ng4 17. Bxg7 Kxg7 18.
Qd4+ Nf6 19. Ra1 Qb6 20. Rxa7 Qxd4 21. Nxd4 Rb8 22. Nxe6+ fxe6 23. Rxe7+ Kf8 24. Rxe6 Kf7 25. Rxd6 Rxb3 26. Bf3 Rc3 27. Rd4 Ke6 28. Kg2 Ke5 29.
e3 Rc2 30. h4 h5 31. Rf4 Rb2 32. c5 Rc2 33. c6 Rc3 34. Ra4 Rc2 35. Ra5+ Ke6 36.
Ra6 Ke7 37. Ra7+ Ke6 38. Rg7 Kf5 39. c7 Ne8 40. Rxg6 Rxc7 41. Rg5+ Ke6 42. Bxh5 Nf6 43. Bf3 Rc2 44. g4 Ke7 45. Rf5 Ke6 46. e4 Nd7 47. g5 Ne5 48. Rf6+ Ke7 49. Bh5 Nd3 50. Kg3 Rc1 51.
Be2 Rg1+ 52. Kh2 1-0

[Event "*** SCC Grand Prix: Titled Tuesday Blitz"]
[Site "Chess.com"]
[Date "2020.08.25"]
[Round "9"]
[White "RodinMihail"]
[Black "Region_07"]
[Result "0-1"]
[WhiteElo "2479"]
[BlackElo "2387"]
[TimeControl "180+1"]
[EndTime "11:47:46 PDT"]
[Termination "Region_07 won by checkmate"]

1. e4 c6 2. d4 d5 3. e5 Bf5 4. Nc3 e6 5. g4 Bg6 6. Nge2 h6 7. Be3 Ne7 8. f4 Nd7 9. Ng3 h5 10. gxh5 Bh7 11. Bd3 Bxd3 12. Qxd3 Rc8 13. O-O-O Qa5 14. Kb1 c5 15. dxc5 Nxc5 16. Bxc5 Qxc5 17.
Nce4 Qc6 18. Nd6+ Kd7 19. Nxf7 Rg8 20. f5 Kc7 21. Ng5 Nxf5 22. Nxf5 exf5 23. Qxf5 Kb8 24.
e6 Be7 25. Nf7 d4 26. Ne5 Qg2 27. Nd7+ Ka8 28. h4 Rc6 29. Rhg1 Qe2 30. Rge1 Qg2 31.
Rxd4 Rgc8 32. c3 Qg3 33. Rde4 Qd3+ 34. Ka1 Rxc3 35. Qf4 Bd6 36. Qg5 Rc2 37. e7 Qxe4 38. Rb1 Qxe7 39. Qxe7 Bxe7 40. Ne5 Bf6 41. Nd3 Rd2 42. Nf4 Rcc2 43. Nd3 Rxd3 44. a3 Rxa3# 0-1